Map: Golden Wall LE

Players

Reynor - Winner!

  • Race: Zerg Zerg
  • Spawn Location: 7:00

Serral

  • Race: Zerg Zerg
  • League: Master
  • Spawn Location: 5:00

Event: DreamHack SC2 Masters 2020 Summer Europe

VOD

Have the link to the VOD?

Description

Time

  • Played on: July 12, 2020, 2:03 p.m.
  • Length: 7:17

All games in this series

Show
View Real Time Build Order
Export as new Build Order

Reynor Zerg - Winner!

Build Orders: Hatch First 

Get SALT Encoding   

  12  0:00  Drone  
  13  0:12  Overlord  
  13  0:17  Drone  
  14  0:31  Drone x2  
  16  0:49  Hatchery  
  15  0:52  Drone  
  15  0:55  Drone  
  17  0:58  Drone  
  18  1:08  Extractor  
  17  1:14  Spawning Pool  
  17  1:17  Drone  
  17  1:20  Drone  
  18  1:28  Drone  
  19  1:39  Drone  
  20  2:01  Queen x2, Zergling x6  
  27  2:11  Zergling x2  
  27  2:14  Overlord  
  27  2:27  Drone x2  
  25  2:35  Drone  
  26  2:39  Drone  
  27  2:44  Drone  
  27  2:46  Drone  
  29  2:58  Drone x2  
  31  3:05  Drone  
  32  3:07  Metabolic Boost  
  32  3:13  Overlord  
  32  3:14  Drone x2  
  32  3:15  Drone  
  35  3:26  Drone  
  36  3:33  Hatchery  
  35  3:34  Drone  
  35  3:36  Drone  
  35  3:39  Drone  
  38  3:42  Drone  
  38  3:43  Drone  
  40  3:50  Evolution Chamber, Zergling x4  
  40  3:51  Zergling x2  
  42  3:55  Overlord  
  42  3:58  Zergling x2  
  42  4:01  Zergling x2  
  44  4:07  Overlord  
  44  4:14  Zergling x2  
  44  4:15  Zergling x6  
  44  4:16  Drone  
  49  4:22  Drone x3  
  52  4:26  Zerg Ground Armor Level 1  
  52  4:27  Drone  
  52  4:40  Roach Warren, Extractor, Zergling x4  
  52  4:41  Extractor  
  51  4:48  Drone x3  
  51  4:50  Zergling x2  
  51  4:51  Zergling x4  
  57  4:59  Overlord  
  57  5:00  Drone x2  
  59  5:20  Overlord  
  59  5:21  Roach x4  
  67  5:22  Roach x3  
  67  5:23  Zergling x2  
  73  5:36  Overlord  
  73  5:41  Roach x2  
  74  5:45  Zergling x12  
  77  5:50  Zergling x6  
  77  5:51  Zergling x2  
  77  5:55  Ravager  
  77  5:56  Ravager  
  82  5:57  Zergling x8  
  82  6:01  Overlord  
  82  6:03  Zergling x2  
  85  6:06  Ravager  
  85  6:08  Zergling x2  
  85  6:09  Ravager  
  85  6:10  Zergling x2  
  87  6:11  Queen  
  87  6:12  Overlord  
  87  6:18  Ravager  
  89  6:19  Zergling x2  
  89  6:23  Zergling x4  
  92  6:29  Zergling x2  
  92  6:30  Ravager  
  92  6:31  Zergling x2  
  95  6:37  Zergling x6  
  95  6:38  Zergling x8  
  103  6:40  Ravager  
  103  6:43  Overlord  
  103  6:45  Zergling x4  
  98  6:54  Roach x2  
  98  6:56  Zergling x2  
Show
View Real Time Build Order
Export as new Build Order

Serral Zerg 

Build Orders: Pool First 

Get SALT Encoding   

  12  0:17  Spawning Pool  
  11  0:22  Drone  
  11  0:27  Drone  
  13  0:35  Drone  
  14  0:39  Overlord  
  14  1:03  Zergling x4  
  16  1:05  Zergling x2  
  17  1:16  Zergling x2  
  18  1:19  Hatchery  
  17  1:26  Zergling x2  
  18  1:34  Queen  
  18  1:39  Drone  
  21  1:47  Overlord  
  21  1:59  Drone  
  22  2:10  Drone, Queen  
  25  2:20  Drone  
  23  2:31  Drone x2, Queen  
  27  2:44  Drone x4  
  31  2:50  Overlord, Extractor  
  30  2:52  Drone  
  30  2:57  Drone  
  32  3:03  Drone  
  33  3:07  Drone  
  34  3:16  Drone  
  34  3:17  Roach Warren  
  34  3:18  Drone  
  35  3:20  Drone x2  
  35  3:24  Drone  
  38  3:33  Overlord  
  38  3:37  Drone  
  40  3:41  Evolution Chamber, Drone x3  
  40  3:45  Drone  
  42  3:49  Overlord  
  42  3:57  Roach  
  42  3:58  Roach x2  
  42  4:02  Roach  
  49  4:09  Roach  
  51  4:14  Extractor  
  51  4:15  Drone  
  51  4:16  Hatchery  
  50  4:19  Drone x2  
  52  4:25  Drone x3  
  55  4:32  Overlord  
  55  4:35  Overlord  
  55  4:36  Drone  
  56  4:40  Zerg Missile Weapons Level 1  
  56  4:42  Extractor  
  56  4:43  Overlord, Extractor  
  54  4:49  Roach  
  55  4:53  Roach  
  55  4:55  Evolution Chamber, Roach  
  58  5:03  Roach  
  58  5:05  Roach  
  62  5:09  Roach  
  64  5:15  Roach  
  67  5:21  Evolution Chamber  
  67  5:23  Roach x3  
  72  5:36  Roach  
  72  5:37  Roach x3  
  72  5:41  Evolution Chamber  
  79  5:50  Roach x2  
  79  6:00  Drone x2  
  79  6:03  Drone x2  
  83  6:14  Overlord x3  
  83  6:18  Ravager  
  84  6:19  Ravager x2  
  84  6:23  Roach x2  
  90  6:33  Roach x4  
  90  6:39  Roach x2  
  104  6:40  Roach  
  92  6:54  Roach x2  
  92  6:55  Roach x4  
Tags
 
Add a new tag
Caveats
  • Supply blocks, unpowered buildings, or Contaminate may cause inaccurate times.
  • Supply counts are checked every 10 seconds.